cohdb
Replays
Latest Replays
All Replays
Popular Replays
Top Player Replays
Match Explorer
How It Works
Community
CoH3 Stats
Reddit
Sign in to upload your games and track your stats! →
Sign in with Steam
Match 28506753
Unlisted
Match 28506753
Overview
Messages
Build Orders
End
Selects Armored Battlegroup
Selects Assault Engineers
Assault Engineer Squad
Construct Barracks
Construct Barracks
Riflemen Squad
M1 Mortar Team
Riflemen Squad
Mechanized Support Center
Grenade Package
Construct Weapon Support Center
Selects Strength in Steel
Selects Fast Deploy
M3 Armored Personnel Carrier
Construct Tank Depot
Bazooka Squad
Riflemen Squad
Selects Seek and Destroy
M4A1 Sherman Medium Tank
M4A1 76mm Conversion
Selects Seek and Destroy
Selects Seek and Destroy
M1918 Browning Automatic Rifles
doctor
cokernuts
redtomato1372
火蔷薇十字弓队
Foltar
iAinEng
*.*
Akaxiya
0
0
Comments
sign in to comment!
No comments posted yet!